Map: Lost and Found LE

Players

SilentElf - Winner!

  • Race: Zerg Zerg
  • League: Gold
  • Spawn Location: 1:00

Gago

  • Race: Zerg Zerg
  • Spawn Location: 7:00

VOD

Have the link to the VOD?

Description

Time

  • Played on: June 22, 2018, 7:57 p.m.
  • Length: 4:43
Show
View Real Time Build Order
Export as new Build Order

SilentElf Zerg - Winner!

Build Orders: Hatch First, Zergling Baneling 

Get SALT Encoding   

  12  0:01  Drone  
  13  0:08  Drone  
  14  0:16  Overlord  
  14  0:37  Drone x3  
  14  0:40  Extractor  
  16  0:49  Drone  
  17  1:00  Hatchery  
  16  1:09  Drone  
  17  1:21  Spawning Pool  
  16  1:30  Drone x2  
  18  1:45  Drone x2  
  20  1:53  Drone  
  21  2:04  Overlord  
  21  2:07  Metabolic Boost  
  21  2:11  Queen  
  21  2:14  Drone  
  24  2:18  Queen  
  26  2:23  Zergling x2  
  27  2:30  Baneling Nest  
  27  2:33  Zergling x2  
  27  2:39  Zergling x2  
  27  2:46  Zergling x2  
  27  2:58  Zergling x4  
  28  3:13  Drone x2  
  30  3:20  Drone x4  
  34  3:35  Zergling x4  
  36  3:44  Baneling  
  36  3:45  Baneling x6  
  36  3:47  Zergling x2  
  34  3:57  Baneling x2  
  34  3:59  Baneling x2  
  34  4:00  Zergling x10  
  30  4:40  Spine Crawler  
Show
View Real Time Build Order
Export as new Build Order

Gago Zerg 

Build Orders: Pool Only 

Get SALT Encoding   

  12  0:09  Drone  
  12  0:10  Drone  
  14  0:25  Overlord  
  14  0:36  Spawning Pool  
  14  0:38  Drone  
  14  0:50  Overlord  
  14  0:54  Drone  
  14  0:55  Drone  
  17  1:04  Drone  
  17  1:23  Extractor  
  16  1:25  Zergling x2  
  16  1:26  Zergling x2  
  16  1:27  Queen  
  20  1:38  Zergling x2  
  22  1:47  Zergling x2  
  22  1:59  Zergling x2  
  23  2:09  Zergling x2  
  24  2:19  Zergling x2  
  22  2:48  Zergling x2  
  22  2:49  Zergling x6  
  24  3:05  Zergling x4  
  26  3:16  Drone  
  27  3:25  Drone x3  
  30  3:31  Extractor  
  29  3:44  Overlord  
  29  3:45  Zergling x2  
  29  4:04  Zergling x2  
  29  4:05  Zergling x4  
Tags
 
Add a new tag
Caveats
  • Supply blocks, unpowered buildings, or Contaminate may cause inaccurate times.
  • Supply counts are checked every 10 seconds.